 Dungeon Crawl Stone Soup version 0.28-a0-413-gde365fb1df (webtiles) character file.

Game seed: 8991904360381554988

205 Demosthentine the Poker (level 5, -2/42 HPs)
             Began as a Merfolk Gladiator on Sept 7, 2021.
             Killed from afar by an orc wizard (7 damage)
             ... with a puff of flame
             ... on level 3 of the Dungeon.
             The game lasted 00:02:44 (3438 turns).

Demosthentine the Poker (Merfolk Gladiator)         Turns: 3438, Time: 00:02:44

Health: -2/42      AC:  5    Str: 15    XL:     5   Next: 83%
Magic:  5/5        EV: 14    Int:  8    God:
Gold:   56         SH:  0    Dex: 15    Spells: 4/4 levels left

rFire   . . .      SeeInvis .   a - +0 trident
rCold   . . .      Faith    .   (no shield)
rNeg    . . .      Spirit   .   b - +0 leather armour
rPois   .          Reflect  .   c - +0 helmet
rElec   .          Harm     .   (no cloak)
rCorr   .          Rampage  .   e - +0 pair of gloves
Will    .....                   (no boots)
Stlth   +.........              (no amulet)
HPRegen 0.14/turn               (no ring)
MPRegen 0.09/turn               (no ring)

@: no status effects
A: (nimble swimmer 2), mertail
a: no special abilities


You were on level 3 of the Dungeon.
You visited 1 branch of the dungeon, and saw 3 of its levels.

You collected 86 gold pieces.
You spent 30 gold pieces at shops.

Inventory:

Hand Weapons
 a - a +0 trident (weapon)
Missiles
 d - 2 throwing nets (quivered)
Armour
 b - a +0 leather armour (worn)
 c - a +0 helmet (worn)
 e - a +0 pair of gloves (worn)
Jewellery
 i - a ring of see invisible
Scrolls
 f - a scroll of blinking
 j - a scroll of identify
Potions
 g - a potion of ambrosia
 h - a potion of curing


   Skills:
 + Level 3.7 Fighting
 + Level 5.8 Polearms
 - Level 2.0 Throwing
 + Level 1.8 Armour
 + Level 5.4 Dodging


You had 4 spell levels left.
You didn't know any spells.
Your spell library contained the following spells:

 Spells                   Type           Power      Damage    Failure   Level
 Animate Skeleton         Necr           0%         N/A       47%         1
 Apportation              Tloc           0%         N/A       47%         1
 Summon Small Mammal      Summ           0%         N/A       47%         1


Dungeon Overview and Level Annotations

Branches:
Dungeon (3/15)

Altars:

Shops:
D:2 :   D:3 !

Annotations:
D:3 1 runed translucent door, Spaninq's ghost, weakling DrFE


Innate Abilities, Weirdness & Mutations

((You are quick and stealthy near water. (Stealth+, EV+, Speed+++)))
Your lower body shifts to a powerful aquatic tail in water.


Message History

You barely miss something. Something hits you but does no damage.
You hit something. Something hits you but does no damage.
You miss something. Something hits you.
You miss something. Something completely misses you.
You barely miss something.
You hear some strange, mumbled words.
Something tries to affect you, but you resist.
You hit something. Something hits you.
* * * LOW HITPOINT WARNING * * *
You closely miss something. Something hits you.
* * * LOW HITPOINT WARNING * * *
You miss something. Something barely misses you.
You hit something but do no damage. Something hits you but does no damage.
You miss something. Something hits you.
* * * LOW HITPOINT WARNING * * *
You barely miss something. Something barely misses you.
You hit something. Something hits you.
* * * LOW HITPOINT WARNING * * *
You feel better. Something hits you but does no damage.
You miss something. You closely miss the orc. You puncture the orc!
You kill the orc!
You hear some strange, mumbled words.
Something tries to affect you, but you resist.
Something hits you.
Things that are here:
a +0 whip; an orc corpse You miss something.
Something hits you.
You miss something. Something hits you.
* * * LOW HITPOINT WARNING * * *
You barely miss something. Something hits you.
* * * LOW HITPOINT WARNING * * *
You miss something. Something hits you.
* * * LOW HITPOINT WARNING * * *
You miss something.
You hear some strange, mumbled words.
A puff of flame appears from out of thin air!
The puff of flame hits you!
You die...

## #...#........
.. #......#.....
#.##..........#.
#.....###.##....
####....[.##.#..
#######.######....
#.......# ###..
#.####..# #..
#######@# #..# #..
#...<.#{#
##..########..
#....)#o#
#...#>........
#.......#
#.............
#.....### #...#.
....... #.....
##.### ####..
###### ##!## #..
#)#.# #.. ##.##
#..


You could see an orc.

Vanquished Creatures
  An orc priest (D:3)
  A scorpion zombie (D:3)
  4 gnolls
  4 adders
  2 worms
  2 dart slugs
  4 orcs (D:3)
  9 endoplasms
  5 goblins
  7 hobgoblins
  2 jackals (D:1)
  3 kobolds
  A quokka (D:1)
  5 ball pythons
  9 bats
  5 frilled lizards
  A rat (D:1)
65 creatures vanquished.

Vanquished Creatures (others)
  A plant (D:1)
1 creature vanquished.

Grand Total: 66 creatures vanquished

Notes
Turn   | Place    | Note
-------+----------+-------------------------------------------
     0 | D:1      | Demosthentine the Merfolk Gladiator began the quest for the
                  | Orb.
     0 | D:1      | Reached XP level 1. HP: 16/16 MP: 1/1
   172 | D:1      | Reached XP level 2. HP: 23/23 MP: 2/2
   174 | D:1      | Found a faded altar of an unknown god.
   455 | D:1      | Reached XP level 3. HP: 28/28 MP: 3/3
   775 | D:2      | Found Seymixt's Book Boutique.
   812 | D:2      | Reached skill level 5 in Polearms
   989 | D:2      | Reached skill level 1 in Armour
  1515 | D:2      | Reached XP level 4. HP: 34/34 MP: 4/4
  2284 | D:3      | Found Qajisergh's Distillery.
  2302 | D:3      | Reached skill level 5 in Dodging
  2400 | D:3      | Bought a potion of curing for 30 gold pieces
  2459 | D:3      | Reached XP level 5. HP: 35/41 MP: 5/5
  2882 | D:3      | Found a runed translucent door.
  2882 | D:3      | Noticed Spaninq's ghost (weakling DrFE)
  3438 | D:3      | Killed from afar by an orc wizard

Illustrated notes

Levels and vault maps discovered:
D:1:      ncdulo_watergridlock, layout_rooms,
          shapermc_ecumenical_altar_acropolis
D:2:      layout_basic, serial_shops, shop, kennysheep_cross_room
D:3:      layout_loops_cross, gammafunk_ghost_grave, serial_shops,
          nicolae_shop_crystal

Skill      XL: |  1  2  3  4 |
---------------+-------------+-----
Polearms       | 5 |  5.8
Armour         | 1 |  1.8
Fighting       | 3 |  3.7
Dodging        | 5 |  5.4
Throwing       | |  2.0

Action                   |  1- 3 |  4- 6 || total
-------------------------+-------+-------++-------
Melee: Trident           |   117 |   186 ||   303
Throw: Throwing net      |       |     3 ||     3
  Use: Scroll            |     3 |       ||     3
       Potion            |       |     1 ||     1
 Stab: Sleeping          |       |     2 ||     2
       Distracted        |       |     1 ||     1
Armor: Leather armour    |    26 |    39 ||    65
Dodge: Dodged            |    66 |   112 ||   178

Table legend: (Time is in decaauts)
 A = Elapsed time spent in this place.
 B = Non-inter-level travel time spent in this place.
 C = Inter-level travel time spent in this place.
 D = Time resting spent in this place.
 E = Time spent auto-exploring this place.
 F = Levels seen in this place.
 G = Mean time per level.
                   A        B        C        D        E       F      G
               +--------+--------+--------+--------+--------+-----+--------+
         Total |   3449 |   3412 |     37 |    238 |   2642 |   3 | 1149.7 |
       Dungeon |   3449 |   3412 |     37 |    238 |   2642 |   3 | 1149.7 |
               +--------+--------+--------+--------+--------+-----+--------+

Top non-repeatable levels by time:
     D:2: 1631 daAuts
     D:3: 1157 daAuts
     D:1: 661 daAuts
